AoeStats
← manchoguz

MegaRandom

505127947Analyzed
1v1 RM · 25d ago on Sep 8, 2026· 47m 2s· 2 players
Game mode
Random Map
Map size
Tiny (2 player)
Population
200
Speed
Normal
Resources
Standard
Victory
Conquest
Starting age
Dark Age
Ending age
Imperial Age
RankedLock teamsTeams togetherTeam positionsShared explorationLock speedFull tech treeHidden civsTurbo modeCheats
Victory
Defeat
🇺🇸 Khmer · United States
42
+19
🇦🇷 Byzantines · Argentina
100
-19
manchoguz
7:25 Loom
12:20 Feudal Age
13:40 Horse Collar
20:50 Wheelbarrow
20:05 Town Watch
23:34 Bloodlines
27:00 Castle Age
28:21 Husbandry
28:05 Crossbowman
29:35 Heavy Plow
32:02 Gold Mining
40:18 Hand Cart
42:44 Imperial Age
40:24 Guard Tower
41:32 Tusk Swords
43:59 Elite Ballista Elephant
44:47 Double Crossbow
44:34 Cavalier
46:05 Arbalester
ELABU9170
6:18 Loom
18:56 Feudal Age
20:32 Gold Mining
22:35 Stone Mining
23:19 Arson
22:55 Man-at-Arms
23:39 Double-Bit Axe
25:35 Wheelbarrow
34:13 Scale Barding Armor
34:08 Scale Mail Armor
34:19 Forging
40:51 Castle Age
46:36 Husbandry
47:06 Hand Cart
Connection lost

Rejoining the realm…

Still unreachable

The connection could not be restored.

Session expired

The server has moved on; the page needs a fresh start.